| TOP OF THE 1ST |
|
Americus Braves batting - Pitching for Amarillo ThunderHeads : RHP Jose Vela
|
|
Pitching: RHP Jose Vela
|
|
|
Batting: RHB Joe Young
|
0-0: Ball 1-0: Called Strike 1-1: Ball 2-1: Ball 3-1: Swinging Strike 3-2: Strikes out swinging
|
|
Batting: RHB Yojiro Hayashi
|
0-0: Called Strike 0-1: Ball 1-1: Fly out, F7 (Line Drive, 7, EV 95.0 MPH)
|
|
Batting: LHB Ryan Murdock
|
0-0: Ball 1-0: Called Strike 1-1: Ball 2-1: Fly out, F7 (Flyball, 7, EV 88.1 MPH)
|
| Top of the 1st over - 0 runs, 0 hits, 0 errors, 0 left on base; Americus 0 - Amarillo 0 |
| BOTTOM OF THE 1ST |
|
Amarillo ThunderHeads batting - Pitching for Americus Braves : RHP Justin Collins
|
|
Pitching: RHP Justin Collins
|
|
|
Batting: SHB Zack Barton
|
0-0: Ball 1-0: Ball 2-0: Called Strike 2-1: Swinging Strike 2-2: Strikes out swinging
|
|
Batting: RHB Luis Solorzano
|
0-0: Ball 1-0: Ball 2-0: Called Strike 2-1: Ball 3-1: Fly out, F7 (Flyball, 7, EV 93.1 MPH)
|
|
Batting: RHB Nick Solberg
|
0-0: Called Strike 0-1: Foul Ball, location: 2F 0-2: Strikes out swinging
|
| Bottom of the 1st over - 0 runs, 0 hits, 0 errors, 0 left on base; Americus 0 - Amarillo 0 |
| TOP OF THE 2ND |
|
Americus Braves batting - Pitching for Amarillo ThunderHeads : RHP Jose Vela
|
|
Batting: LHB Andres Aldape
|
0-0: Ball 1-0: Called Strike 1-1: Ball 2-1: Ball 3-1: Base on Balls
|
|
Batting: RHB Terry Hughes
|
0-0: Ball 1-0: Ball 2-0: Called Strike 2-1: Ball 3-1: Fly out, F7 (Flyball, 7S, EV 83.8 MPH)
|
|
Batting: LHB Mark Dearth
|
0-0: Called Strike 0-1: Called Strike 0-2: Ball 1-2: Strikes out swinging
|
|
Batting: LHB Tamaichi Sasada
|
0-0: 2-RUN HOME RUN (Flyball, 78XD, EV 103.1 MPH), Distance : 413 ft
|
|
Batting: RHB Gerard Michel
|
0-0: Ball 1-0: Ball 2-0: Ball 3-0: Called Strike 3-1: Foul Ball, location: 2F 3-2: Strikes out swinging
|
| Top of the 2nd over - 2 runs, 1 hit, 0 errors, 0 left on base; Americus 2 - Amarillo 0 |
| BOTTOM OF THE 2ND |
|
Amarillo ThunderHeads batting - Pitching for Americus Braves : RHP Justin Collins
|
|
Batting: RHB Salvatore Zamora
|
0-0: Ball 1-0: Called Strike 1-1: Foul Ball, location: 2F 1-2: Ball 2-2: Ball 3-2: Base on Balls
|
|
Batting: RHB Luis Reyna
|
0-0: Reached on error, E6 (Groundball, 6, EV 98.8 MPH) Salvatore Zamora to second
|
|
Batting: RHB Jerry Foster
|
0-0: Called Strike 0-1: Foul Ball, location: 2F 0-2: Ball 1-2: Foul Ball, location: 2F 1-2: Ball 2-2: Foul Ball, location: 2F 2-2: Ball 3-2: Foul Ball, location: 2F 3-2: Grounds into double play, 6-4-3 (Groundball, 6, EV 103.1 MPH) Salvatore Zamora to third
|
|
Batting: RHB Elias Sagrero
|
0-0: Ball 1-0: Ball 2-0: Called Strike 2-1: Ball 3-1: Base on Balls
|
|
Batting: RHB Ferdi Schipper
|
0-0: Ball 1-0: Foul Ball, location: 2F 1-1: Fielders Choice at 2nd, 6-4 (Groundball, 6, EV 99.4 MPH)
|
| Bottom of the 2nd over - 0 runs, 0 hits, 1 error, 2 left on base; Americus 2 - Amarillo 0 |
| TOP OF THE 3RD |
|
Americus Braves batting - Pitching for Amarillo ThunderHeads : RHP Jose Vela
|
|
Batting: RHB George Provance
|
0-0: Ground out 5-3 (Groundball, 56, EV 100.0 MPH)
|
|
Batting: RHB Joe Young
|
0-0: Foul Ball, location: 2F 0-1: Ball 1-1: Ball 2-1: SINGLE (Line Drive, 89M, EV 90.0 MPH)
|
|
Batting: RHB Yojiro Hayashi
|
0-0: Ball Joe Young is caught stealing 2nd base 2-4 1-0: Called Strike 1-1: Ball 2-1: Swinging Strike 2-2: Strikes out swinging
|
| Top of the 3rd over - 0 runs, 1 hit, 0 errors, 0 left on base; Americus 2 - Amarillo 0 |
| BOTTOM OF THE 3RD |
|
Amarillo ThunderHeads batting - Pitching for Americus Braves : RHP Justin Collins
|
|
Batting: SHB Tyler Romo
|
0-0: Called Strike 0-1: Called Strike 0-2: Strikes out swinging
|
|
Batting: SHB Zack Barton
|
0-0: Swinging Strike 0-1: Ball 1-1: Ball 2-1: Foul Ball, location: 2F 2-2: Strikes out swinging
|
|
Batting: RHB Luis Solorzano
|
0-0: Called Strike 0-1: Called Strike 0-2: Strikes out swinging
|
| Bottom of the 3rd over - 0 runs, 0 hits, 0 errors, 0 left on base; Americus 2 - Amarillo 0 |
| TOP OF THE 4TH |
|
Americus Braves batting - Pitching for Amarillo ThunderHeads : RHP Jose Vela
|
|
Batting: LHB Ryan Murdock
|
0-0: Ball 1-0: Ball 2-0: Called Strike 2-1: Ball 3-1: Swinging Strike 3-2: Foul Ball, location: 2F 3-2: Foul Ball, location: 2F 3-2: Strikes out swinging
|
|
Batting: LHB Andres Aldape
|
0-0: Ball 1-0: Ball 2-0: Foul Ball, location: 2F 2-1: Ball 3-1: Base on Balls
|
|
Batting: RHB Terry Hughes
|
0-0: Ball 1-0: Foul Ball, location: 2F 1-1: Called Strike 1-2: Ball Passed Ball! Andres Aldape to second 2-2: Foul Ball, location: 2F 2-2: Strikes out swinging
|
|
Batting: LHB Mark Dearth
|
0-0: Called Strike 0-1: Swinging Strike 0-2: Ball 1-2: Ball 2-2: Strikes out swinging
|
| Top of the 4th over - 0 runs, 0 hits, 0 errors, 1 left on base; Americus 2 - Amarillo 0 |
| BOTTOM OF THE 4TH |
|
Amarillo ThunderHeads batting - Pitching for Americus Braves : RHP Justin Collins
|
|
Batting: RHB Nick Solberg
|
0-0: Fly out, F6 (Popup, 56, EV 58.8 MPH)
|
|
Batting: RHB Salvatore Zamora
|
0-0: Ball 1-0: Foul Ball, location: 2F 1-1: Foul Ball, location: 2F 1-2: Ball 2-2: Ball 3-2: Ground out 3-1 (Groundball, 34, EV 83.1 MPH)
|
|
Batting: RHB Luis Reyna
|
0-0: SINGLE (Flyball, 78S, EV 88.1 MPH)
|
|
Batting: RHB Jerry Foster
|
0-0: Ball 1-0: Ball 2-0: Ground out 4-3 (Groundball, 4, EV 82.5 MPH)
|
| Bottom of the 4th over - 0 runs, 1 hit, 0 errors, 1 left on base; Americus 2 - Amarillo 0 |
| TOP OF THE 5TH |
|
Americus Braves batting - Pitching for Amarillo ThunderHeads : RHP Jose Vela
|
|
Batting: LHB Tamaichi Sasada
|
0-0: Fly out, F4 (Flyball, 4D, EV 89.4 MPH)
|
|
Batting: RHB Gerard Michel
|
0-0: Ball 1-0: Ground out 5-3 (Groundball, 56S, EV 84.4 MPH)
|
|
Batting: RHB George Provance
|
0-0: Ball 1-0: Swinging Strike 1-1: Called Strike 1-2: Ground out 1-3 (Groundball, 13S, EV 67.5 MPH)
|
| Top of the 5th over - 0 runs, 0 hits, 0 errors, 0 left on base; Americus 2 - Amarillo 0 |
| BOTTOM OF THE 5TH |
|
Amarillo ThunderHeads batting - Pitching for Americus Braves : RHP Justin Collins
|
|
Batting: RHB Elias Sagrero
|
0-0: Ball 1-0: Swinging Strike 1-1: Ball 2-1: Called Strike 2-2: Strikes out swinging
|
|
Batting: RHB Ferdi Schipper
|
0-0: Fly out, F8 (Flyball, 89S, EV 79.4 MPH)
|
|
Batting: SHB Tyler Romo
|
0-0: Called Strike 0-1: Ball 1-1: Ball 2-1: Called Strike 2-2: Ball 3-2: Base on Balls
|
|
Batting: SHB Zack Barton
|
0-0: Ball 1-0: Ball Tyler Romo steals 2nd base 2-0: SINGLE (Groundball, 34D, EV 100.0 MPH) Tyler Romo to third Runner from 3rd tries for Home, SAFE, throw by RF to home
|
|
Batting: RHB Luis Solorzano
|
0-0: Ball Zack Barton steals 2nd base 1-0: Ball 2-0: Called Strike 2-1: Swinging Strike 2-2: Strikes out swinging
|
| Bottom of the 5th over - 1 run, 1 hit, 0 errors, 1 left on base; Americus 2 - Amarillo 1 |
| TOP OF THE 6TH |
|
Americus Braves batting - Pitching for Amarillo ThunderHeads : RHP Jose Vela
|
|
Batting: RHB Joe Young
|
0-0: Called Strike 0-1: Swinging Strike 0-2: Strikes out swinging
|
|
Batting: RHB Yojiro Hayashi
|
0-0: Fly out, F8 (Flyball, 8LM, EV 96.2 MPH)
|
|
Batting: LHB Ryan Murdock
|
0-0: Called Strike 0-1: Ball 1-1: Fly out, F7 (Flyball, 7LS, EV 80.0 MPH)
|
| Top of the 6th over - 0 runs, 0 hits, 0 errors, 0 left on base; Americus 2 - Amarillo 1 |
| BOTTOM OF THE 6TH |
|
Amarillo ThunderHeads batting - Pitching for Americus Braves : RHP Justin Collins
|
|
Batting: RHB Nick Solberg
|
0-0: Ball 1-0: Reached on error, E6 (Groundball, 6, EV 83.8 MPH)
|
|
Batting: RHB Salvatore Zamora
|
0-0: Ball 1-0: 2-RUN HOME RUN (Flyball, 78XD, EV 99.4 MPH), Distance : 419 ft
|
|
Batting: RHB Luis Reyna
|
0-0: Ball 1-0: DOUBLE (Line Drive, 7LS, EV 115.0 MPH)
|
|
Batting: RHB Jerry Foster
|
0-0: Foul Ball, location: 2F 0-1: Ball 1-1: Ball 2-1: Ball 3-1: Base on Balls
|
|
Pitching: RHP Greg Hart
|
|
|
Batting: RHB Elias Sagrero
|
0-0: Ball Luis Reyna steals 3rd base 1-0: Ball 2-0: SINGLE (Line Drive, 8RS, EV 96.9 MPH) Luis Reyna scores Jerry Foster to second
|
|
Batting: RHB Ferdi Schipper
|
0-0: Ball 1-0: Swinging Strike 1-1: Ball 2-1: Grounds into double play, 6-4-3 (Groundball, 6, EV 110.6 MPH) Jerry Foster to third
|
|
Batting: SHB Tyler Romo
|
0-0: Called Strike 0-1: Ball 1-1: Ground out U3 (Groundball, 3L, EV 102.5 MPH)
|
| Bottom of the 6th over - 3 runs, 3 hits, 1 error, 1 left on base; Americus 2 - Amarillo 4 |
| TOP OF THE 7TH |
|
Americus Braves batting - Pitching for Amarillo ThunderHeads : RHP Jose Vela
|
|
Now in RF: Sam Voss
|
|
|
Batting: LHB Andres Aldape
|
0-0: SINGLE (Groundball, 4D, EV 95.0 MPH)
|
|
Batting: RHB Terry Hughes
|
0-0: Called Strike 0-1: Ball Wild Pitch! Andres Aldape to second 1-1: Ball 2-1: Fly out, F5 (Flyball, 5D, EV 83.8 MPH)
|
|
Batting: LHB Mark Dearth
|
0-0: Ball Wild Pitch! Andres Aldape to third 1-0: Ball Passed Ball! Andres Aldape scores 2-0: Called Strike 2-1: Ball 3-1: Foul Ball, location: 2F 3-2: Foul Ball, location: 2F 3-2: Foul Ball, location: 2F 3-2: Base on Balls
|
|
Batting: LHB Tamaichi Sasada
|
0-0: Foul Ball, location: 2F 0-1: Ball 1-1: Ball 2-1: Swinging Strike 2-2: Ball 3-2: Strikes out swinging
|
|
Pitching: RHP Torsten Fisher
|
|
|
Batting: RHB Gerard Michel
|
0-0: Foul Ball, location: 2F 0-1: Ball 1-1: Foul Ball, location: 2F 1-2: Foul Ball, location: 2F 1-2: Strikes out swinging
|
| Top of the 7th over - 1 run, 1 hit, 0 errors, 1 left on base; Americus 3 - Amarillo 4 |
| BOTTOM OF THE 7TH |
|
Amarillo ThunderHeads batting - Pitching for Americus Braves : RHP Greg Hart
|
|
Pitching: RHP Wami Benthami
|
|
|
Batting: SHB Zack Barton
|
0-0: Called Strike 0-1: Fly out, F8 (Flyball, 8RD, EV 101.9 MPH)
|
|
Batting: RHB Luis Solorzano
|
0-0: Foul Ball, location: 2F 0-1: Ball 1-1: Ball 2-1: Swinging Strike 2-2: Foul Ball, location: 2F 2-2: Fly out, F6 (Popup, 6M, EV 58.8 MPH)
|
|
Batting: RHB Nick Solberg
|
0-0: Ball 1-0: Called Strike 1-1: Swinging Strike 1-2: Ball 2-2: Ball 3-2: Base on Balls
|
|
Pitching: RHP Armando Padron
|
|
|
Batting: RHB Salvatore Zamora
|
0-0: Ball 1-0: Ball Nick Solberg is caught stealing 2nd base 2-4
|
| Bottom of the 7th over - 0 runs, 0 hits, 0 errors, 0 left on base; Americus 3 - Amarillo 4 |
| TOP OF THE 8TH |
|
Americus Braves batting - Pitching for Amarillo ThunderHeads : RHP Torsten Fisher
|
|
Batting: RHB George Provance
|
0-0: SINGLE (Groundball, 6S, EV 72.5 MPH) (infield hit)
|
|
Batting: RHB Joe Young
|
0-0: Bunted foul 0-1: Sac Bunt to 23 - play at first, batter OUT! 3-4 George Provance to second
|
|
Batting: RHB Yojiro Hayashi
|
0-0: Fly out, F7 (Line Drive, 7, EV 93.8 MPH)
|
|
Pitching: LHP Alex Boites
|
|
|
Batting: LHB Ryan Murdock
|
0-0: 2-RUN HOME RUN (Flyball, 9D, EV 95.0 MPH), Distance : 368 ft
|
|
Batting: LHB Andres Aldape
|
0-0: Ball 1-0: Ball 2-0: Fly out, F3 (Line Drive, 3, EV 74.4 MPH)
|
| Top of the 8th over - 2 runs, 2 hits, 0 errors, 0 left on base; Americus 5 - Amarillo 4 |
| BOTTOM OF THE 8TH |
|
Amarillo ThunderHeads batting - Pitching for Americus Braves : RHP Armando Padron
|
|
Pitching: RHP Carlos Dominguez
|
|
|
Batting: RHB Salvatore Zamora
|
0-0: Called Strike 0-1: Called Strike 0-2: Foul Ball, location: 2F 0-2: Fly out, F9 (Line Drive, 9, EV 95.6 MPH)
|
|
Pinch Hitting: SHB Tim Rogers
|
0-0: Called Strike 0-1: Ball 1-1: Ball 2-1: Ball 3-1: Foul Ball, location: 2F 3-2: Foul Ball, location: 2F 3-2: Strikes out looking
|
|
Pinch Hitting: LHB Santino Pisanello
|
0-0: Called Strike 0-1: Ball 1-1: SINGLE (Line Drive, 9LM, EV 98.8 MPH)
|
|
Pitching: RHP Manny Rolfe
|
|
|
Batting: RHB Elias Sagrero
|
0-0: Ball 1-0: Ball 2-0: Ground out 2-3 (Groundball, 2L, EV 67.5 MPH)
|
| Bottom of the 8th over - 0 runs, 1 hit, 0 errors, 1 left on base; Americus 5 - Amarillo 4 |
| TOP OF THE 9TH |
|
Americus Braves batting - Pitching for Amarillo ThunderHeads : LHP Alex Boites
|
|
Now at 1B: Eric Camillo
|
|
|
Now in RF: Santino Pisanello
|
|
|
Batting: RHB Terry Hughes
|
0-0: Foul Ball, location: 2F 0-1: Ball 1-1: Swinging Strike 1-2: Foul Ball, location: 2F 1-2: Ball 2-2: Ball 3-2: SINGLE (Line Drive, 34D, EV 101.9 MPH)
|
|
Batting: LHB Mark Dearth
|
0-0: Ball 1-0: Foul Ball, location: 2F 1-1: Ball 2-1: Foul Ball, location: 2F 2-2: Strikes out swinging
|
|
Batting: LHB Tamaichi Sasada
|
0-0: Called Strike 0-1: Fly out, F7 (Line Drive, 7, EV 111.2 MPH)
|
|
Batting: RHB Gerard Michel
|
0-0: Swinging Strike 0-1: Swinging Strike 0-2: Ball 1-2: Ball 2-2: Strikes out swinging
|
| Top of the 9th over - 0 runs, 1 hit, 0 errors, 1 left on base; Americus 5 - Amarillo 4 |
| BOTTOM OF THE 9TH |
|
Amarillo ThunderHeads batting - Pitching for Americus Braves : RHP Manny Rolfe
|
|
Pinch Hitting: RHB Bryan Wheeler
|
0-0: Called Strike 0-1: Ball 1-1: Foul Ball, location: 2F 1-2: Strikes out swinging, 2-3 out at first.
|
|
Pinch Hitting: RHB Morgan Harding
|
0-0: Ball 1-0: Swinging Strike 1-1: Fly out, F3 (Popup, 3, EV 78.1 MPH)
|
|
Batting: SHB Zack Barton
|
0-0: Ball 1-0: Foul Ball, location: 2F 1-1: Ball 2-1: Ground out U3 (Groundball, 34, EV 79.4 MPH)
|
| Bottom of the 9th over - 0 runs, 0 hits, 0 errors, 0 left on base; Americus 5 - Amarillo 4 |
|